AAA EAST
COLUMBUS CLIPPERS @ INDIANAPOLIS INDIANS
04/14/2042
 
TOP OF THE 1ST
Columbus Clippers batting - Pitching for Indianapolis Indians : LHP Jim Miller
Pitching: LHP Jim Miller
Batting: RHB Orlando Cortéz 0-0: Ground out 4-3 (Groundball, 4S, EV 70.6 MPH)
Batting: RHB Tony Ávila 0-0: Ball
1-0: Called Strike
1-1: Ball
2-1: Foul Ball, location: 5F
2-2: Ball
3-2: Base on Balls
Batting: LHB Greg Curry 0-0: Called Strike
0-1: Swinging Strike
0-2: Strikes out swinging
Batting: LHB Taizo Iida 0-0: Ball
1-0: Foul Ball, location: 2F
1-1: Foul Ball, location: 2F
1-2: Ball
2-2: Strikes out swinging
Top of the 1st over - 0 runs, 0 hits, 0 errors, 1 left on base; Columbus 0 - Indianapolis 0
BOTTOM OF THE 1ST
Indianapolis Indians batting - Pitching for Columbus Clippers : LHP José Valdés
Pitching: LHP José Valdés
Batting: RHB Steve Jenkins 0-0: Foul Ball, location: 2F
0-1: Called Strike
0-2: DOUBLE (Line Drive, 9LM, EV 105.6 MPH)
Batting: RHB Johnny Owen 0-0: Ground out 5-3 (Groundball, 56S, EV 90.6 MPH)
Steve Jenkins to third
Batting: RHB Jon Reese 0-0: Ball
1-0: Foul Ball, location: 2F
1-1: Foul Ball, location: 5F
1-2: 2-RUN HOME RUN (Flyball, 7LD, EV 98.8 MPH), Distance : 372 ft
Batting: RHB Ben Leonard 0-0: Ball
1-0: Called Strike
1-1: Called Strike
1-2: SOLO HOME RUN (Flyball, 8LXD, EV 111.3 MPH), Distance : 434 ft
Batting: RHB Bob MacKillop 0-0: SOLO HOME RUN (Flyball, 78XD, EV 108.8 MPH), Distance : 428 ft
Batting: LHB Lúcio Aguilar 0-0: Ground out 6-3 (Groundball, 4MS, EV 77.5 MPH)
Batting: RHB Jim Lyons 0-0: Foul Ball, location: 9LDF
0-1: Ball
1-1: Foul Ball, location: 2F
1-2: Strikes out looking
Bottom of the 1st over - 4 runs, 4 hits, 0 errors, 0 left on base; Columbus 0 - Indianapolis 4
TOP OF THE 2ND
Columbus Clippers batting - Pitching for Indianapolis Indians : LHP Jim Miller
Batting: LHB Stan Walton 0-0: Swinging Strike
0-1: Ball
1-1: Swinging Strike
1-2: Strikes out swinging
Batting: RHB Leith Corkum 0-0: Called Strike
0-1: SINGLE (Line Drive, 89S, EV 106.3 MPH)
Batting: LHB Mike Hatfield 0-0: Ball
1-0: Ball
2-0: Called Strike
2-1: Ball
3-1: Called Strike
3-2: Fly out, F3 (Popup, 3S, EV 85.6 MPH)
Batting: RHB Albert Campion 0-0: Swinging Strike
0-1: Ball
1-1: SINGLE (Line Drive, 89S, EV 93.1 MPH)
Leith Corkum to second
Runner from 2nd tries for 3rd, SAFE, throw by RF made to third
Batting: LHB Abel Brown 0-0: Fly out, F8 (Flyball, 78M, EV 89.4 MPH)
Top of the 2nd over - 0 runs, 2 hits, 0 errors, 2 left on base; Columbus 0 - Indianapolis 4
BOTTOM OF THE 2ND
Indianapolis Indians batting - Pitching for Columbus Clippers : LHP José Valdés
Batting: RHB Ty Lewis 0-0: Ball
1-0: SINGLE (Groundball, 56D, EV 103.1 MPH)
Batting: RHB Lance Egberts 0-0: Ball
1-0: Foul Ball, location: 2F
1-1: Ball
2-1: Swinging Strike
2-2: SINGLE (Groundball, 4MD, EV 105.0 MPH)
Ty Lewis to second
Runner from 2nd tries for 3rd, SAFE, throw by CF made to third
Batting: RHB Steve Jenkins 0-0: Ball
1-0: Called Strike
1-1: SINGLE (Groundball, 6MD, EV 104.4 MPH)
Ty Lewis scores
Lance Egberts to second
Runner from 2nd tries for 3rd, SAFE, throw by CF made to third
Batting: RHB Johnny Owen 0-0: Ball
Steve Jenkins steals 2nd base
1-0: Ground out 4-3 (Groundball, 4MD, EV 108.1 MPH)
Batting: RHB Jon Reese 0-0: Called Strike
0-1: Ball
1-1: Called Strike
1-2: Foul Ball, location: 9LSF
1-2: Ground out 6-3 (Groundball, 6, EV 98.8 MPH)
Batting: RHB Ben Leonard 0-0: Ball
1-0: Swinging Strike
1-1: Ball
2-1: DOUBLE (Flyball, 89D, EV 96.9 MPH)
Lance Egberts scores
Steve Jenkins scores
Batting: RHB Bob MacKillop 0-0: Ball
1-0: Called Strike
1-1: DOUBLE (Line Drive, 8LXD, EV 109.4 MPH)
Ben Leonard scores
Batting: LHB Lúcio Aguilar 0-0: Ball
1-0: Ground out 4-3 (Groundball, 4S, EV 69.4 MPH)
Bottom of the 2nd over - 4 runs, 5 hits, 0 errors, 1 left on base; Columbus 0 - Indianapolis 8
TOP OF THE 3RD
Columbus Clippers batting - Pitching for Indianapolis Indians : LHP Jim Miller
Batting: RHB Orlando Cortéz 0-0: Swinging Strike
0-1: Swinging Strike
0-2: Ball
1-2: Strikes out looking
Batting: RHB Tony Ávila 0-0: Called Strike
0-1: Reached on error, E5 (Groundball, 56, EV 96.3 MPH)
Batting: LHB Greg Curry 0-0: 2-RUN HOME RUN (Flyball, 89XD, EV 100.6 MPH), Distance : 398 ft
Batting: LHB Taizo Iida 0-0: Called Strike
0-1: Foul Ball, location: 7LSF
0-2: Foul Ball, location: 2F
0-2: Foul Ball, location: 2F
0-2: Ball
1-2: Foul Ball, location: 5SF
1-2: Ball
2-2: Ball
3-2: SOLO HOME RUN (Flyball, 9D, EV 98.1 MPH), Distance : 363 ft
Batting: LHB Stan Walton 0-0: Ball
1-0: SINGLE (Groundball, 4D, EV 96.3 MPH)
Batting: RHB Leith Corkum 0-0: Foul Ball, location: 5F
0-1: Called Strike
Stan Walton is caught stealing 2nd base 2-4
0-2: Ball
1-2: Ball
2-2: Strikes out swinging
Top of the 3rd over - 3 runs, 3 hits, 1 error, 0 left on base; Columbus 3 - Indianapolis 8
BOTTOM OF THE 3RD
Indianapolis Indians batting - Pitching for Columbus Clippers : LHP José Valdés
Batting: RHB Jim Lyons 0-0: Ball
1-0: Ball
2-0: Called Strike
2-1: Swinging Strike
2-2: Fly out, F7 (Flyball, 78D, EV 94.4 MPH)
Batting: RHB Ty Lewis 0-0: Called Strike
0-1: Ball
1-1: Ball
2-1: Foul Ball, location: 5FF
2-2: Ball
3-2: Strikes out looking
Batting: RHB Lance Egberts 0-0: Ball
1-0: Ground out 6-3 (Groundball, 6, EV 103.1 MPH)
Bottom of the 3rd over - 0 runs, 0 hits, 0 errors, 0 left on base; Columbus 3 - Indianapolis 8
TOP OF THE 4TH
Columbus Clippers batting - Pitching for Indianapolis Indians : LHP Jim Miller
Batting: LHB Mike Hatfield 0-0: Foul Ball, location: 2F
0-1: Ball
1-1: Foul Ball, location: 2F
1-2: SINGLE (Line Drive, 78S, EV 98.1 MPH)
Batting: RHB Albert Campion 0-0: Swinging Strike
0-1: Ball
1-1: Foul Ball, location: 25FF
1-2: Strikes out swinging
Batting: LHB Abel Brown 0-0: Ball
1-0: Ball
2-0: SINGLE (Groundball, P, EV 82.5 MPH) (infield hit)
Mike Hatfield to second
Batting: RHB Orlando Cortéz 0-0: Ball
1-0: Foul Ball, location: 9LDF
1-1: Fly out, F8 (Flyball, 8RM, EV 93.8 MPH)
Batting: RHB Tony Ávila 0-0: Called Strike
0-1: Ball
1-1: Foul Ball, location: 9LMF
1-2: Ball
2-2: Foul Ball, location: 3F
2-2: Ground out 6-3 (Groundball, 6MS, EV 80.0 MPH)
Top of the 4th over - 0 runs, 2 hits, 0 errors, 2 left on base; Columbus 3 - Indianapolis 8
BOTTOM OF THE 4TH
Indianapolis Indians batting - Pitching for Columbus Clippers : LHP José Valdés
Pitching: LHP Jorge Rosado
Batting: RHB Steve Jenkins 0-0: Ball
1-0: Fly out, F5 (Line Drive, 5L, EV 67.5 MPH)
Batting: RHB Johnny Owen 0-0: Ball
1-0: Ball
2-0: Ball
3-0: Base on Balls
Batting: RHB Jon Reese 0-0: Foul Ball, location: 2F
0-1: Swinging Strike
0-2: Ball
1-2: Ball
2-2: Ball
3-2: Base on Balls
Johnny Owen to second
Batting: RHB Ben Leonard 0-0: Foul Ball, location: 23FF
0-1: Fly out, F7 (Line Drive, 7S, EV 85.0 MPH)
Batting: RHB Bob MacKillop 0-0: Ball
1-0: Ball
2-0: Ball
3-0: Called Strike
3-1: Foul Ball, location: 2F
3-2: Strikes out looking
Bottom of the 4th over - 0 runs, 0 hits, 0 errors, 2 left on base; Columbus 3 - Indianapolis 8
TOP OF THE 5TH
Columbus Clippers batting - Pitching for Indianapolis Indians : LHP Jim Miller
Batting: LHB Greg Curry 0-0: Foul Ball, location: 5FF
0-1: Foul Ball, location: 25F
0-2: Ball
1-2: Foul Ball, location: 9LMF
1-2: Ball
2-2: Ground out 5-3 (Groundball, 56S, EV 75.6 MPH)
Batting: LHB Taizo Iida 0-0: Swinging Strike
0-1: DOUBLE (Flyball, 89XD, EV 107.5 MPH)
Batting: LHB Stan Walton 0-0: Ball
1-0: SINGLE (Groundball, 4MD, EV 104.4 MPH)
Taizo Iida to third
Runner from 3rd tries for Home, SAFE, throw by CF to home
Batting: RHB Leith Corkum Pickoff Throw to First - Out! 1-3 CS
0-0: Ball
1-0: Ball
2-0: Called Strike
2-1: Called Strike
2-2: Strikes out swinging, 2-3 out at first.
Top of the 5th over - 1 run, 2 hits, 0 errors, 0 left on base; Columbus 4 - Indianapolis 8
BOTTOM OF THE 5TH
Indianapolis Indians batting - Pitching for Columbus Clippers : LHP Jorge Rosado
Batting: LHB Lúcio Aguilar 0-0: Foul Ball, location: 2F
0-1: Foul Ball, location: 2F
0-2: Ball
1-2: Foul Ball, location: 7LSFF
1-2: Ground out 5-3 (Groundball, 5, EV 81.3 MPH)
Batting: RHB Jim Lyons 0-0: Swinging Strike
0-1: SINGLE (Groundball, 6, EV 106.9 MPH)
Batting: RHB Ty Lewis 0-0: Ball
1-0: Foul Ball, location: 9LSF
1-1: Ball
2-1: Foul Ball, location: 9LSF
2-2: Strikes out swinging
Batting: RHB Lance Egberts 0-0: Ball
1-0: Called Strike
1-1: Foul Ball, location: 3F
1-2: Ground out 1-3 (Groundball, 15, EV 75.0 MPH)
Bottom of the 5th over - 0 runs, 1 hit, 0 errors, 1 left on base; Columbus 4 - Indianapolis 8
TOP OF THE 6TH
Columbus Clippers batting - Pitching for Indianapolis Indians : LHP Jim Miller
Batting: LHB Mike Hatfield 0-0: Called Strike
0-1: Ball
1-1: Ball
2-1: Foul Ball, location: 2F
2-2: Ball
3-2: Fly out, F9 (Flyball, 9LS, EV 93.1 MPH)
Batting: RHB Albert Campion 0-0: Called Strike
0-1: Ground out 4-3 (Groundball, 4, EV 80.6 MPH)
Batting: LHB Abel Brown 0-0: Foul Ball, location: 9LMF
0-1: Ball
1-1: Called Strike
1-2: DOUBLE (Line Drive, 78XD, EV 105.0 MPH)
Batting: RHB Orlando Cortéz 0-0: Foul Ball, location: 5FF
0-1: Ball
1-1: SINGLE (Groundball, 4M, EV 102.5 MPH)
Abel Brown to third
Runner from 3rd tries for Home, SAFE, throw by CF to home
Pitching: RHP Alex Thompson
Batting: RHB Tony Ávila 0-0: Called Strike
0-1: Ball
1-1: Foul Ball, location: 3SF
1-2: Strikes out looking
Top of the 6th over - 1 run, 2 hits, 0 errors, 1 left on base; Columbus 5 - Indianapolis 8
BOTTOM OF THE 6TH
Indianapolis Indians batting - Pitching for Columbus Clippers : LHP Jorge Rosado
Batting: RHB Steve Jenkins 0-0: Swinging Strike
0-1: Foul Ball, location: 2F
0-2: SINGLE (Groundball, 6M, EV 104.4 MPH)
Batting: RHB Johnny Owen 0-0: Swinging Strike
0-1: Sac Bunt to 15 - play at second, runner OUT! 1-6
Batting: RHB Jon Reese 0-0: Called Strike
0-1: Called Strike
0-2: Ball
1-2: Strikes out swinging
Batting: RHB Ben Leonard 0-0: Ball
1-0: Called Strike
1-1: Ball
Wild Pitch!
Johnny Owen to second
2-1: Ball
3-1: Foul Ball, location: 9LMF
3-2: Base on Balls
Batting: RHB Bob MacKillop 0-0: Ball
1-0: Ball
2-0: Called Strike
2-1: Called Strike
2-2: Foul Ball, location: 2F
2-2: Foul Ball, location: 2F
2-2: Foul Ball, location: 9LDF
2-2: Foul Ball, location: 2F
2-2: Ball
3-2: Foul Ball, location: 5F
3-2: Foul Ball, location: 9LDF
3-2: Base on Balls
Johnny Owen to third
Ben Leonard to second
Batting: LHB Lúcio Aguilar 0-0: Called Strike
0-1: Ball
1-1: Foul Ball, location: 2F
1-2: Foul Ball, location: 2F
1-2: Ground out 3-1 (Groundball, 34, EV 87.5 MPH)
Bottom of the 6th over - 0 runs, 1 hit, 0 errors, 3 left on base; Columbus 5 - Indianapolis 8
TOP OF THE 7TH
Columbus Clippers batting - Pitching for Indianapolis Indians : RHP Alex Thompson
Batting: LHB Greg Curry 0-0: Swinging Strike
0-1: Ground out 5-3 (Groundball, 56, EV 91.9 MPH)
Batting: LHB Taizo Iida 0-0: Ball
1-0: Ball
2-0: Foul Ball, location: 7LDF
2-1: Ball
3-1: Called Strike
3-2: Base on Balls
Batting: LHB Stan Walton 0-0: Called Strike
0-1: Foul Ball, location: 5FF
0-2: Ball
1-2: Grounds into double play, 4-6-3 (Groundball, 4, EV 96.9 MPH)
Top of the 7th over - 0 runs, 0 hits, 0 errors, 0 left on base; Columbus 5 - Indianapolis 8
BOTTOM OF THE 7TH
Indianapolis Indians batting - Pitching for Columbus Clippers : LHP Jorge Rosado
Pitching: LHP Juan Batlsta
Batting: RHB Jim Lyons 0-0: Ball
1-0: Fly out, F9 (Flyball, 89D, EV 105.6 MPH)
Batting: RHB Ty Lewis 0-0: Ball
1-0: Ball
2-0: Ball
3-0: Called Strike
3-1: Base on Balls
Batting: RHB Lance Egberts 0-0: Foul Ball, location: 3F
0-1: Ball
1-1: Foul Ball, location: 2F
1-2: Strikes out looking
Batting: RHB Steve Jenkins 0-0: Ball
1-0: Ball
Ty Lewis steals 2nd base
2-0: Ball
3-0: Called Strike
3-1: Called Strike
3-2: Foul Ball, location: 5SF
3-2: SINGLE (Groundball, 4MD, EV 103.1 MPH)
Ty Lewis to third
Runner from 3rd tries for Home, SAFE, throw by CF to home
Batting: RHB Johnny Owen 0-0: Called Strike
0-1: Called Strike
0-2: Strikes out swinging
Bottom of the 7th over - 1 run, 1 hit, 0 errors, 1 left on base; Columbus 5 - Indianapolis 9
TOP OF THE 8TH
Columbus Clippers batting - Pitching for Indianapolis Indians : RHP Alex Thompson
Batting: RHB Leith Corkum 0-0: Called Strike
0-1: Called Strike
0-2: Ball
1-2: Ball
2-2: SINGLE (Groundball, 4MD, EV 100.0 MPH)
Batting: LHB Mike Hatfield 0-0: Ball
1-0: Fly out, F3 (Popup, 34S, EV 76.3 MPH)
Batting: RHB Albert Campion 0-0: Ball
1-0: Ball
2-0: Ball
3-0: Grounds into double play, 5-4-3 (Groundball, 56S, EV 83.1 MPH)
Top of the 8th over - 0 runs, 1 hit, 0 errors, 0 left on base; Columbus 5 - Indianapolis 9
BOTTOM OF THE 8TH
Indianapolis Indians batting - Pitching for Columbus Clippers : LHP Juan Batlsta
Batting: RHB Jon Reese 0-0: Ball
1-0: Fly out, F9 (Flyball, 9S, EV 88.8 MPH)
Batting: RHB Ben Leonard 0-0: Ball
1-0: Swinging Strike
1-1: Ground out 5-3 (Groundball, 56, EV 92.5 MPH)
Batting: RHB Bob MacKillop 0-0: Swinging Strike
0-1: Ball
1-1: Fly out, F9 (Line Drive, 9, EV 96.9 MPH)
Bottom of the 8th over - 0 runs, 0 hits, 0 errors, 0 left on base; Columbus 5 - Indianapolis 9
TOP OF THE 9TH
Columbus Clippers batting - Pitching for Indianapolis Indians : RHP Alex Thompson
Batting: LHB Abel Brown 0-0: Foul Ball, location: 2F
0-1: Ground out U3 (Groundball, 3L, EV 81.9 MPH)
Batting: RHB Orlando Cortéz 0-0: Called Strike
0-1: Foul Ball, location: 3F
0-2: Strikes out looking
Batting: RHB Tony Ávila 0-0: Called Strike
0-1: Ball
1-1: Foul Ball, location: 3FF
1-2: Ball
2-2: Ball
3-2: Foul Ball, location: 2F
3-2: Strikes out swinging
Top of the 9th over - 0 runs, 0 hits, 0 errors, 0 left on base; Columbus 5 - Indianapolis 9
Wednesday, May 1st , 2024 - OOTP Baseball 24.10 Build 82